 Dungeon Crawl Stone Soup version 0.21-a0-591-g2314aa1 (webtiles) character file.

91 Amnesiac the Vexing (level 4, -2/44 HPs)
             Began as an Ogre Arcane Marksman on Dec 22, 2017.
             Slain by a bullfrog skeleton (3 damage)
             ... on level 4 of the Dungeon.
             The game lasted 00:02:12 (887 turns).

Amnesiac the Vexing (Ogre Arcane Marksman)           Turns: 887, Time: 00:02:13

Health: -2/44      AC:  3    Str: 14    XL:     4   Next: 57%
Magic:  5/7        EV: 10    Int: 14    God:
Gold:   16         SH:  0    Dex: 10    Spells: 6/7 levels left

rFire    . . .     SeeInvis .   h - +0 mace
rCold    . . .     Gourm    .   (no shield)
rNeg     . . .     Faith    .   a - +0 robe
rPois    .         Spirit   .   (helmet restricted)
rElec    .         Reflect  .   (no cloak)
rCorr    .         Harm     .   (gloves unavailable)
MR       .....                  (boots unavailable)
Stlth    +.........             (no amulet)
HPRegen  0.14/turn              (no ring)
MPRegen  0.10/turn              (no ring)

@: no status effects
A: large, unfitting armour, tough skin 1
a: no special abilities


You were on level 4 of the Dungeon.
You were hungry.

You visited 1 branch of the dungeon, and saw 4 of its levels.

You collected 16 gold pieces.

Inventory:

Hand Weapons
 h - a +0 mace (weapon)
Missiles
 c - 2 large rocks (quivered)
 d - 2 throwing nets
 i - 4 tomahawks
Armour
 a - a +0 robe (worn)
Scrolls
 e - 2 scrolls of teleportation {!r, unknown}
 k - 3 scrolls of remove curse {!r, unknown}
 l - a scroll of immolation {!r, unknown}
 m - a scroll of fear {!r, unknown}
Potions
 g - a potion of cancellation {!q, unknown}
Books
 b - a book of Debilitation

   Spells                             Type                      Level
   a - Corona                         Hexes                        1
   b - Slow                           Hexes                        2
   c - Inner Flame                    Hexes/Fire                   3
   d - Portal Projectile              Hexes/Translocation          3
   e - Cause Fear                     Hexes                        4
   f - Leda's Liquefaction            Hexes/Earth                  4
Comestibles
 f - 2 rations


   Skills:
 + Level 2.5 Fighting
 * Level 3.1 Throwing
 - Level 1.7 Dodging
 + Level 2.1 Spellcasting
 * Level 3.4 Hexes


You had 6 spell levels left.
You knew the following spells:

 Your Spells              Type           Power        Failure   Level  Hunger
a - Corona                Hex            ##.....      5%          1    #......


Dungeon Overview and Level Annotations

Branches:
Dungeon (4/15)
 Temple: D:4-7

Altars:
Dithmenos


Innate Abilities, Weirdness & Mutations

You are too large for most types of armour.
You have tough skin. (AC +1)


Message History

The howler monkey is heavily wounded.
The howler monkey hoots and howls with incredible vigour!
The howler monkey hits you!
A howler monkey comes into view.
You hit the howler monkey.
The howler monkey is almost dead.
The howler monkey stops glowing.
The howler monkey hits you. The howler monkey barely misses you.
You hit the howler monkey.
The howler monkey is almost dead.
The howler monkey hits you.
* * * LOW HITPOINT WARNING * * *
A bullfrog skeleton comes into view.
Casting: Corona
Confirm with . or Enter, or press ? or * to list all spells.
Aiming: Corona
Press: ? - help, Shift-Dir - straight line, f/p - howler monkey
Aim: a howler monkey (almost dead, catching its breath, chance to defeat MR: 54%)
The howler monkey is outlined in light.
The howler monkey hits you.
* * * LOW HITPOINT WARNING * * *
The howler monkey hoots and howls with incredible vigour!
The howler monkey hits you.
* * * LOW HITPOINT WARNING * * *
An ooze comes into view.
The ooze quivers.
Unknown command.
You hit the howler monkey but do no damage.
The howler monkey is almost dead.
The howler monkey hoots and howls with incredible vigour!
You hit the howler monkey.
You kill the howler monkey!
Your Throwing skill increases to level 3!
Your Spellcasting skill increases to level 2!
You have reached level 4!
The howler monkey misses you.
The howler monkey hoots and howls with incredible vigour!
The howler monkey hoots and howls with incredible vigour!
A quokka skeleton comes into view.
The quokka skeleton moves out of view.
The howler monkey hoots and howls with incredible vigour!
The bullfrog skeleton closely misses you.
The bullfrog skeleton hits you.
* * * LOW HITPOINT WARNING * * *
Throwing (i - inventory. (,) - cycle):
c - 4 large rocks (quivered)
Press: ? - help, Shift-Dir - straight line, f - bullfrog skeleton
Aim: a bullfrog skeleton You throw a large rock.
The large rock hits the bullfrog skeleton!
The bullfrog skeleton is moderately damaged.
The bullfrog skeleton hits you.
* * * LOW HITPOINT WARNING * * *
The bullfrog skeleton hits you.
* * * LOW HITPOINT WARNING * * *
Throwing (i - inventory. (,) - cycle):
c - 3 large rocks (quivered)
Press: ? - help, Shift-Dir - straight line, f/p - bullfrog skeleton
Aim: a bullfrog skeleton (moderately damaged)
You throw a large rock.
The large rock hits the bullfrog skeleton!
The bullfrog skeleton is severely damaged.
The bullfrog skeleton hits you.
* * * LOW HITPOINT WARNING * * *
The howler monkey hoots and howls with incredible vigour!
The bullfrog skeleton hits you.
You die...

##...........##.
#..........#....#
#..........##..#.#
#:.........##.....
#................#
#............##...
##...........##...
#.....†......##..)
#@#####.<....##...
#Z#####.#...([((..
##h#...J..)...###..
#.J#....##....# #..
#.#..h####....###..
#...#.# #.........
.....###.#
##.##.#... ......
#.# ###..#)....
###... ..#
#.........#


You could see a howler monkey, an ooze and a bullfrog skeleton.

Vanquished Creatures
  A howler monkey (D:4)
  An orc wizard (D:3)
  A leopard gecko (D:2)
  9 orcs
  A bat (D:2)
  2 goblins
15 creatures vanquished.

Notes
Turn   | Place    | Note
-------+----------+-------------------------------------------
     0 | D:1      | Amnesiac the Ogre Arcane Marksman began the quest for the Orb.
     0 | D:1      | Reached XP level 1. HP: 19/19 MP: 2/2
   394 | D:3      | Reached XP level 2. HP: 19/28 MP: 2/4
   487 | D:3      | Reached XP level 3. HP: 30/35 MP: 2/5
   862 | D:3      | Found a shadowy altar of Dithmenos.
   874 | D:4      | Reached XP level 4. HP: 12/44 MP: 4/7
   887 | D:4      | HP: 1/44 [bullfrog skeleton (4)]
   887 | D:4      | Slain by a bullfrog skeleton

Vault maps used:
D:1:      nicolae_arrival_washed_ashore, minmay_close_crescents
D:3:      overflow_temple_1_default, nicolae_dithmenos_through_a_glass_darkly,
          uniq_natasha
D:4:      nicolae_overflow_hidden_temple, minmay_temple_entry_poolview

Skill      XL: |  1  2  3 |
---------------+----------+-----
Fighting       | 2 |  2.5
Hexes          | 3 |  3.4
Throwing       | 3 |  3.1
Spellcasting   | 2 |  2.1
Dodging        | |  1.7

Action                   |  1- 3 |  4- 6 || total
-------------------------+-------+-------++-------
Melee: Mace              |    45 |       ||    45
       Unarmed           |     5 |       ||     5
Throw: Large rock        |     5 |     2 ||     7
 Cast: Corona            |    22 |       ||    22
Armor: Robe              |    27 |       ||    27
Dodge: Dodged            |    53 |     2 ||    55

Table legend:
 A = Spawn XP
 B = Non-spawn XP
 C = Spawn XP percentage of total XP
 D = Spawn monster count
 E = Non-spawn monster count
 F = Spawn count percentage of total count
 G = Total turns spent on level
                    A         B        C        D         E        F      G
               +---------+---------+-------+---------+---------+-------+---------
         Total |       0 |     130 |   0.0 |       0 |      15 |   0.0 |   887
               +---------+---------+-------+---------+---------+-------+---------
           D:1 |       0 |       2 |   0.0 |       0 |       1 |   0.0 |    76
           D:2 |       0 |       7 |   0.0 |       0 |       3 |   0.0 |   304
           D:3 |       0 |      46 |   0.0 |       0 |       4 |   0.0 |   133
           D:4 |       0 |      75 |   0.0 |       0 |       7 |   0.0 |   374
               +---------+---------+-------+---------+---------+-------+---------
